 Dungeon Crawl Stone Soup version 0.20-a0-809-gaf7f668 (webtiles) character file.

84 Klosterheim the Cudgeler (level 4, -2/44 HPs)
             Began as an Ogre Warper on Mar 2, 2017.
             Hit by a stone thrown by a gnoll (5 damage)
             ... on level 2 of the Dungeon.
             The game lasted 00:02:38 (2305 turns).

Klosterheim the Cudgeler (Ogre Warper)              Turns: 2305, Time: 00:02:39

Health: -2/44      AC:  3    Str: 15    XL:     4   Next: 45%
Magic:  7/7        EV: 10    Int: 15    God:
Gold:   86         SH:  0    Dex:  8    Spells: 8/8 levels left

rFire    . . .     SeeInvis .   a - +0 mace
rCold    . . .     Gourm    .   b - +0 robe
rNeg     . . .     Faith    .   (no shield)
rPois    .         Spirit   .   (helmet restricted)
rElec    .         Reflect  .   (no cloak)
rCorr    .         Harm     .   (gloves unavailable)
MR       .....                  (boots unavailable)
Stlth    +.........             (no amulet)
Regen    0.2/turn               (no ring)
MPRegen  0.1/turn               (no ring)

@: no status effects
A: unfitting armour, tough skin 1
a: no special abilities


You were on level 2 of the Dungeon.
You were not hungry.

You visited 1 branch of the dungeon, and saw 2 of its levels.

You collected 86 gold pieces.

Inventory:

Hand Weapons
 a - a +0 mace (weapon)
Missiles
 e - 5 tomahawks of dispersal (quivered)
 i - 5 poisoned tomahawks
Armour
 b - a +0 robe (worn)
Jewellery
 l - an uncursed amulet of regeneration {unknown}
Scrolls
 d - a scroll of blinking
 g - a scroll of enchant armour {unknown}
 h - 6 scrolls of identify {unknown}
 k - a scroll of immolation {unknown}
 n - 3 scrolls of teleportation {unknown}
 r - a scroll of fog {unknown}
Potions
 p - a potion of flight {unknown}
Books
 c - a book of Spatial Translocations

   Spells                             Type                      Level
   a - Blink                          Translocation                2
   b - Shroud of Golubria             Charms/Translocation         2
   c - Lesser Beckoning               Translocation                3
   d - Gell's Gravitas                Translocation                3
   e - Teleport Other                 Translocation                3
   f - Passage of Golubria            Translocation                4
Comestibles
 f - 2 bread rations
 j - 3 chunks of flesh
 m - a meat ration
 o - 2 royal jellies
 q - 2 fruits


   Skills:
 - Level 2.8 Fighting
 * Level 4.0 Maces & Flails
 - Level 1.0 Throwing
 - Level 2.1 Dodging
 - Level 2.5 Spellcasting
   Level 2.6 Translocations


You had 8 spell levels left.
You didn't know any spells.

Dungeon Overview and Level Annotations

Branches:
Dungeon (2/15)

Altars:


Innate Abilities, Weirdness & Mutations

You are too large for most types of armour.
You have tough skin. (AC +1)


Message History

You closely miss the hobgoblin.
The hobgoblin is severely wounded.
The hobgoblin closely misses you.
You sock the hobgoblin!
You kill the hobgoblin!
The gnoll throws a stone.
The stone hits you.
* * * LOW HITPOINT WARNING * * *
The gnoll throws a stone.
The stone barely misses you.
The kobold throws a stone.
The stone hits you.
* * * LOW HITPOINT WARNING * * *
You see here a stone.
The gnoll throws a stone.
The stone hits you.
* * * LOW HITPOINT WARNING * * *
The kobold throws a stone.
The stone barely misses you.
You see here 4 stones.
The gnoll throws a stone.
The stone hits you but does no damage.
The kobold throws a stone.
The stone hits you but does no damage.
There is an open door here.
The gnoll throws a stone.
The stone hits you.
You die...

#...# #..... #...#
######..... #...#
#....(..... #...#
#.......... #...#
#.......... #...#
#.....).(..
#...######..........
#...'.(((g(.((((....
#>.@######..........
##>......K..........
###.#######..........
###...#####
#.......###
#.........# #########
#.........#
#.........########
#................#
#................#


You could see a gnoll and a kobold.

Vanquished Creatures
  A gnoll (D:2)
  2 adders (D:2)
  A worm (D:2)
  3 giant cockroaches
  7 goblins
  6 hobgoblins
  11 jackals
  5 bats
  2 frilled lizards
  5 kobolds
  6 rats
49 creatures vanquished.

Notes
Turn   | Place    | Note
-------+----------+-------------------------------------------
     0 | D:1      | Klosterheim the Ogre Warper began the quest for the Orb.
     0 | D:1      | Reached XP level 1. HP: 22/22 MP: 3/3
    57 | D:1      | Reached skill level 2 in Maces & Flails
   215 | D:1      | Reached XP level 2. HP: 28/29 MP: 5/5
   847 | D:1      | Reached XP level 3. HP: 35/36 MP: 6/6
   873 | D:1      | Reached skill level 3 in Maces & Flails
  1778 | D:2      | Reached XP level 4. HP: 19/44 MP: 7/7
  2297 | D:2      | Reached skill level 4 in Maces & Flails
  2305 | D:2      | Hit by a stone thrown by a gnoll

Vault maps used:
D:1:      minmay_arrival_three_doors, kennysheep_nondescript
D:2:      first_bread, okawaru_altar_gauntlet_db

Skill      XL: |  1  2  3  4 |
---------------+-------------+-----
Maces & Flails | 2 3 4 |  4.0
Fighting       | |  2.8
Throwing       | |  1.0
Dodging        | |  2.1
Spellcasting   | |  2.5
Translocations | |  2.6

Action                   |  1- 3 |  4- 6 || total
-------------------------+-------+-------++-------
Melee: Mace              |   155 |    39 ||   194
  Eat: Chunk             |     3 |     2 ||     5
Armor: Robe              |    66 |    12 ||    78
Dodge: Dodged            |   111 |    26 ||   137
